 Dungeon Crawl Stone Soup version 0.26-a0-651-gb41185065b (webtiles) character file.

Game seed: 10950608731270220958

23 Lanoc the Bolt Thrower (level 2, 0/22 HPs)
             Began as a Vampire Hunter on Oct 22, 2020.
             Succumbed to an adder's poison
             ... on level 3 of the Dungeon.
             The game lasted 00:00:43 (175 turns).

Lanoc the Bolt Thrower (Vampire Hunter)              Turns: 175, Time: 00:00:43

Health: 0/22       AC:  3    Str: 11    XL:     2   Next: 72%
Magic:  2/2        EV: 12    Int: 13    God:
Gold:   16         SH:  0    Dex: 14    Spells: 1/1 levels left

rFire    . . .     SeeInvis +   b - +0 short sword
rCold    . . .     Faith    .   (no shield)
rNeg     . . .     Spirit   .   c - +0 leather armour
rPois    .         Reflect  .   (no helmet)
rElec    .         Harm     .   (no cloak)
rCorr    +         Rampage  .   (no gloves)
MR       .....                  (no boots)
Stlth    ++........             (no amulet)
HPRegen  0.27/turn              f - ring of resist corrosion
MPRegen  0.08/turn              (no ring)

@: lethally poisoned (0 -> -2), regenerating quickly
A: fangs 3, see invisible, unbreathing
a: Exsanguinate


You were on level 3 of the Dungeon.
You visited 1 branch of the dungeon, and saw 3 of its levels.

You collected 16 gold pieces.

Inventory:

Hand Weapons
 a - a +1 hand crossbow
 b - a +0 short sword (weapon)
Missiles
 d - 20 bolts
Armour
 c - a +0 leather armour (worn)
Jewellery
 f - a ring of resist corrosion (left hand)
Scrolls
 e - a scroll of identify {unknown}
 g - a scroll of amnesia {unknown}


   Skills:
 + Level 2.1 Fighting
 * Level 3.6 Crossbows
 + Level 2.6 Dodging
 - Level 1.5 Stealth


You had one spell level left.
You didn't know any spells.
Your spell library was empty.

Dungeon Overview and Level Annotations

Branches:
Dungeon (3/15)

Altars:


Innate Abilities, Weirdness & Mutations

Your natural rate of healing is unusually fast.
You have razor-sharp teeth.
You have supernaturally acute eyesight. (SInv)
You can survive without breathing.


Message History

The adder is moderately wounded.
The adder bites you.
* * * LOW HITPOINT WARNING * * *
You are more poisoned.
The adder poisons you! The adder bites you but does no damage.
You hit the adder.
The adder is severely wounded.
You feel sick. The adder completely misses you.
You hit the adder.
The adder is almost dead.
You feel sick. The adder bites you.
* * * LOW HITPOINT WARNING * * *
The adder bites you but does no damage.
You aren't carrying any potions.
You miss the adder. Your bite misses the adder.
The adder is almost dead.
The adder barely misses you.
You hit the adder.
You kill the adder!
You die...

#.........#
#.........# #........
#.........# #........
#.........# #........
#.........# #........
#.........# #........
#..†......# #........
#......######.†......
#............@.......
#............†.......
#...###..............
##### #..............
.................
#.................
#...............##
#...............#
.................


There were no monsters in sight!

Vanquished Creatures
  2 adders (D:3)
  A giant cockroach (D:3)
  2 goblins
  A bat (D:3)
6 creatures vanquished.

Notes
Turn   | Place    | Note
-------+----------+-------------------------------------------
     0 | D:1      | Lanoc the Vampire Hunter began the quest for the Orb.
     0 | D:1      | Reached XP level 1. HP: 16/16 MP: 1/1
   167 | D:3      | Reached XP level 2. HP: 12/22 MP: 2/2
   173 | D:3      | HP: 1/22 [adder (3)]
   175 | D:3      | Succumbed to an adder's poison

Illustrated notes

Levels and vault maps discovered:
D:1:      minmay_arrival_four_houses, layout_basic, cheibriados_altar_1
D:2:      cheibrodos_pilgrimage, layout_loops_ring
D:3:      layout_basic

Skill      XL: |  1 |
---------------+----+-----
Fighting       | 2 |  2.1
Crossbows      | |  3.6
Dodging        | |  2.6
Stealth        | |  1.5

Action                   || total
-------------------------++-------
Melee: Short sword       ||    22
       Bite              ||     4
 Fire: Hand crossbow     ||     2
Armor: Leather armour    ||     6
Dodge: Dodged            ||    15

Table legend: (Time is in decaauts)
 A = Elapsed time spent in this place.
 B = Non-inter-level travel time spent in this place.
 C = Inter-level travel time spent in this place.
 D = Time resting spent in this place.
 E = Time spent auto-exploring this place.
 F = Levels seen in this place.
 G = Mean time per level.
                   A        B        C        D        E       F      G
               +--------+--------+--------+--------+--------+-----+--------+
         Total |    176 |    176 |      0 |      0 |     73 |   3 |   58.7 |
       Dungeon |    176 |    176 |      0 |      0 |     73 |   3 |   58.7 |
               +--------+--------+--------+--------+--------+-----+--------+

Top non-repeatable levels by time:
     D:1: 67 daAuts
     D:2: 58 daAuts
     D:3: 49 daAuts
